 Dungeon Sprint DCSS version 0.21-a0-173-g99db44b (webtiles) character file.

2900000 Deeps the Invulnerable (level 20, -23/216 HPs)
             Began as a Minotaur Fighter on Aug 8, 2017.
             Annihilated by a destroyer
             ... wielding a +9 great sword of slicing
              (147 damage)
             ... in the Dungeon (Sprint VIII: "Arena of Blood").
             The game lasted 00:01:05 (29 turns).

Deeps the Invulnerable (Minotaur Fighter)             Turns: 29, Time: 00:01:06

Health: -23/216    AC: 13    Str: 27    XL:     20   Next: 67%
Magic:  18/41      EV: 26    Int:  5    God:
Gold:   0          SH:  0    Dex: 13    Spells: 55/55 levels left

rFire    . . .     SeeInvis .   l - +∞ Axe of Woe
rCold    . . .     Gourm    .   (shield currently unavailable)
rNeg     . . .     Faith    .   b - +0 scale mail
rPois    .         Spirit   .   (helmet restricted)
rElec    .         Reflect  .   (no cloak)
rCorr    .         Harm     .   (no gloves)
MR       +....     NoTele   +   (no boots)
Stlth    ++++++++..             (no amulet)
HPRegen  0.46/turn              (no ring)
MPRegen  0.27/turn              (no ring)

@: no status effects
A: retaliatory headbutt, horns 2
a: no special abilities


You were in the Dungeon.
You were not hungry.

You visited 1 branch

Inventory:

Hand Weapons
 a - a +0 war axe
 l - the +∞ Axe of Woe (weapon)
   (You found it in the Dungeon)
Armour
 b - a +0 scale mail (worn)
 c - a +0 shield
Scrolls
 k - a scroll of blinking
Potions
 d - a potion of might
 e - a potion of curing
 g - a potion of heal wounds
 h - a potion of haste
 i - 2 potions of magic
 j - a potion of berserk rage
Comestibles
 f - a bread ration


   Skills:
 O Level 27 Fighting
 O Level 27 Axes
 + Level 24.2 Throwing
 O Level 27 Armour
 + Level 25.9 Dodging
 O Level 27 Stealth
 O Level 27 Shields
 + Level 25.9 Unarmed Combat
 + Level 18.3 Spellcasting


You had 55 spell levels left.
You didn't know any spells.

Dungeon Overview and Level Annotations

Branches:
Dungeon (1/1)

Altars:
Makhleb


Innate Abilities, Weirdness & Mutations

You reflexively headbutt those who attack you in melee.
You have a pair of horns on your head.


Message History

The fiery explosion engulfs you!
Your Throwing skill gained 2 levels and is now at level 24!
Your Dodging skill increases to level 25!
Your Unarmed Combat skill increases to level 25!
Your Spellcasting skill increases to level 18!
You are engulfed in blazing flames.
You hear a shout! x3; You hear two shouts!
You hear a shout! x8
Unknown command.
Unknown command.
Unknown command.
Unknown command.
Unknown command.
You hear a shout! x2
The eight-headed meat hydra appears out of thin air!
An eight-headed meat hydra comes into view.
You hear a shout! x3
The destroyer is engulfed in blazing flames.
The destroyer hits you with a +9 great sword of slicing!!!!!
Ouch! That really hurt!
You die...

.. .... .. ..V
#. ..# #.. ..# .
.###.. .O###..
......###.......
...D..._V.......
#..§@§# #_)§§_#
#..)..#
.o..._.....
......###......
.###.. ..###.
#.. ..# #.. ..#
.. ..


You could see an eight-headed meat hydra (wandering), 2 destroyers, a meat
berserker (berserk) and a bag of meat.

Vanquished Creatures
  8 ogres (D)
  A two-headed ogre (D)
  11 orcs (D)
20 creatures vanquished.

Notes
Turn   | Place    | Note
-------+----------+-------------------------------------------
     0 | D        | Deeps the Minotaur Fighter began the quest for the Orb.
     0 | D        | Reached XP level 1. HP: 19/19 MP: 0/0
     2 | D        | Noticed a bag of meat
     2 | D        | Noticed a bag of meat
     2 | D        | Noticed a bag of meat
     3 | D        | Noticed a bag of meat
     4 | D        | Noticed a bag of meat
     6 | D        | Noticed a bag of meat
     6 | D        | Noticed a meat berserker
     7 | D        | Killed a bag of meat
     7 | D        | Reached XP level 2. HP: 53/53 MP: 1/1
     7 | D        | Reached XP level 3. HP: 60/60 MP: 2/2
     7 | D        | Reached XP level 4. HP: 69/69 MP: 3/3
     7 | D        | Reached XP level 5. HP: 75/75 MP: 4/4
     7 | D        | Reached XP level 6. HP: 83/83 MP: 5/5
     7 | D        | Reached XP level 7. HP: 91/91 MP: 6/6
     7 | D        | Reached XP level 8. HP: 99/99 MP: 7/7
     7 | D        | Reached XP level 9. HP: 105/105 MP: 8/8
     7 | D        | Reached XP level 10. HP: 114/114 MP: 9/9
     7 | D        | Reached XP level 11. HP: 121/121 MP: 10/10
     8 | D        | Noticed a meat berserker
     8 | D        | Killed a meat berserker
     8 | D        | Reached skill level 15 in Axes
     8 | D        | Reached XP level 12. HP: 139/139 MP: 11/11
     8 | D        | Reached XP level 13. HP: 146/146 MP: 12/12
     8 | D        | Killed a bag of meat
     8 | D        | Reached XP level 14. HP: 159/159 MP: 13/13
     8 | D        | Killed a bag of meat
     9 | D        | Noticed a bag of meat
     9 | D        | Noticed a meat berserker
     9 | D        | Killed a bag of meat
     9 | D        | Reached XP level 15. HP: 145/171 MP: 14/14
    10 | D        | Reached skill level 27 in Armour
    12 | D        | Killed a meat berserker
    12 | D        | Reached skill level 27 in Fighting
    12 | D        | Reached skill level 27 in Axes
    12 | D        | Reached skill level 27 in Shields
    12 | D        | Reached XP level 16. HP: 127/183 MP: 15/15
    12 | D        | Killed a meat berserker
    12 | D        | Reached skill level 10 in Stealth
    12 | D        | Reached XP level 17. HP: 133/191 MP: 15/28
    13 | D        | Noticed a meat berserker
    14 | D        | Noticed a meat berserker
    15 | D        | Noticed a meat berserker
    16 | D        | Killed a meat berserker
    16 | D        | Reached skill level 15 in Throwing
    17 | D        | Reached skill level 15 in Stealth
    17 | D        | Reached XP level 18. HP: 141/200 MP: 15/33
    17 | D        | Killed a meat berserker
    19 | D        | Noticed a meat berserker
    19 | D        | Killed a meat berserker
    19 | D        | Reached skill level 15 in Spellcasting
    19 | D        | Reached XP level 19. HP: 147/207 MP: 16/37
    22 | D        | Killed a meat berserker
    24 | D        | Noticed a meat berserker
    26 | D        | Noticed a destroyer
    26 | D        | Noticed a large bag of meat
    27 | D        | Noticed a meat berserker
    27 | D        | Noticed a meat berserker
    27 | D        | Killed a meat berserker
    27 | D        | Reached skill level 27 in Stealth
    27 | D        | Reached XP level 20. HP: 156/216 MP: 18/40
    28 | D        | Killed a large bag of meat
    29 | D        | Annihilated by a destroyer

Vault maps used:
D:        meatsprint

Skill      XL: |  1  2  3  4  5  6  7  8  9 10 11 12 13 14 15 16 17 18 19 20 |
---------------+-------------------------------------------------------------+-----
Fighting       | 18 22 24 25 27 | 27.0
Axes           | 11 15 16 18 27 | 27.0
Armour         | 18 22 24 26 27 | 27.0
Shields        | 18 22 23 25 27 | 27.0
Throwing       | 11 16 20 22 24 | 24.2
Dodging        | 12 17 21 24 25 | 25.9
Stealth        | 10 15 18 27 | 27.0
Unarmed Combat | 12 17 21 24 25 | 25.9
Spellcasting   | 8 12 15 17 18 | 18.3

Action                   |  1- 3 |  4- 6 |  7- 9 | 10-12 | 13-15 | 16-18 | 19-21 || total
-------------------------+-------+-------+-------+-------+-------+-------+-------++-------
Melee: Executioner's axe |     1 |       |       |     1 |     3 |     4 |     5 ||    14
Dodge: Dodged            |       |       |       |       |     1 |       |       ||     1
